 Dungeon Sprint DCSS version 0.24-a0-445-gd5110b030a (webtiles) character file.

Game seed: 13840618104870922933

23 Canard the Ruffian (level 2, -11/17 HPs)
             Began as a Vine Stalker Fighter on June 22, 2019.
             Was a Believer of Qazlal.
             Mangled by a porcupine (12 damage)
             ... in the Dungeon (Sprint VII: "The Pits").
             The game lasted 00:01:47 (426 turns).

Canard the Ruffian (Vine Stalker Fighter)            Turns: 426, Time: 00:01:48

Health: -11/17     AC:  9    Str: 18    XL:     2   Next: 95%
Magic:  0/3        EV:  7    Int:  8    God:    Qazlal [**....]
Gold:   0          SH: 12    Dex: 13    Spells: 1/1 levels left

rFire    . . .     SeeInvis .     - Unarmed
rCold    . . .     Gourm    .   b - +0 shield
rNeg     . . .     Faith    .   p - +3 scale mail
rPois    .         Spirit   +   (no helmet)
rElec    .         Reflect  .   (no cloak)
rCorr    .         Harm     .   (no gloves)
MR       .....     NoTele   +   (no boots)
Stlth    ..........             (no amulet)
HPRegen  0.05/turn              (no ring)
MPRegen  0.08/turn              (no ring)

@: no status effects
A: fangs 2, magic shield, antimagic bite, no potion heal 3, rot immunity
a: Upheaval, Renounce Religion


You were in the Dungeon.
You worshipped Qazlal.
Qazlal was pleased with you.
You were not hungry.

You visited 1 branch

Inventory:

Armour
 a - a +0 scale mail
 b - a +0 shield (worn)
 p - a +3 scale mail (worn)
   (You found it in the Dungeon)
Scrolls
 j - a scroll of blinking
 l - 3 scrolls of remove curse
 m - 5 scrolls of amnesia
 n - a scroll of summoning
Potions
 c - a potion of might
 e - 6 potions of curing
 f - 6 potions of heal wounds
 g - a potion of haste
 h - 4 potions of magic
 i - 3 potions of berserk rage
 k - 2 potions of invisibility
Comestibles
 d - 9 rations
 o - 3 chunks of flesh


   Skills:
 + Level 3.9 Fighting
 - Level 2.4 Armour
 - Level 2.6 Shields
 * Level 4.9 Unarmed Combat


You had one spell level left.
You didn't know any spells.
Your spell library was empty.

Dungeon Overview and Level Annotations

Branches:
Dungeon (1/1)

Altars:
Ashenzari
Cheibriados
Dithmenos
Elyvilon
Fedhas
Gozag
Hepliaklqana
Kikubaaqudgha
Makhleb
Nemelex Xobeh
Okawaru
Qazlal
Ru
Sif Muna
Trog
Uskayaw
Vehumet
Wu Jian
Xom
Yredelemnul
Zin
The Shining One
Beogh
Jiyva
Lugonu


Innate Abilities, Weirdness & Mutations

You have extremely sharp teeth.
When hurt, damage is shared between your health and your magic reserves.
Your bite disrupts and absorbs the magic of your enemies.
Potions cannot restore your health.
You are immune to rotting.


Message History

You hit the porcupine. You bite the porcupine. You drain its power.
The porcupine is lightly wounded.
The porcupine bites you but does no damage.
You hit the porcupine but do no damage. Your bite misses the porcupine.
The porcupine is lightly wounded.
You block the porcupine's attack.
You hit the porcupine. Your bite misses the porcupine.
The porcupine is moderately wounded.
The porcupine bites you!
* * * LOW HITPOINT WARNING * * *
Huge Dmg: -36%(-6hp) hp: 59%(10hp)
You are struck by the porcupine's spines.
Ouch! That really hurt!
* * * LOW HITPOINT WARNING * * *
You closely miss the porcupine.
You bite the porcupine, but do no damage.
The porcupine is moderately wounded.
You block the porcupine's attack. The porcupine bites you!
Ouch! That really hurt!
You die...

############
#_________.#
#_________.#
#_______...##########
##########'##........
#.?(.')))'.##......#.
##########.##........
#.or@.......'........
#'#####'#####......#.
#.#..#...'.##........
#.#..#...#.#####'####
#r#..#####.##.......#
#.#..'...#÷##.......#
#o#..'...÷.##.......#
#.#..########...<...#
#.#..'[))).##.......#


You could see a porcupine and an orc.

Vanquished Creatures
  An adder (D)
  An ufetubus (D)
  An orc (D)
  A giant cockroach (D)
  2 quokkas (D)
  A ball python (D)
  A giant cockroach zombie (D)
  A rat (D)
9 creatures vanquished.

Notes
Turn   | Place    | Note
-------+----------+-------------------------------------------
     0 | D        | Canard the Vine Stalker Fighter began the quest for the
                  | Orb.
     0 | D        | Reached XP level 1. HP: 11/11 MP: 2/2
    41 | D        | Found a glowing golden altar of the Shining One.
    41 | D        | Found a glowing silver altar of Zin.
    41 | D        | Found a basalt altar of Yredelemnul.
    41 | D        | Found a shimmering altar of Xom.
    41 | D        | Found an ornate altar of the Wu Jian Council.
    41 | D        | Found a bloodstained altar of Trog.
    41 | D        | Found a deep blue altar of Sif Muna.
    41 | D        | Found a sacrificial altar of Ru.
    41 | D        | Found a stormy altar of Qazlal.
    41 | D        | Found an iron altar of Okawaru.
    41 | D        | Found a sparkling altar of Nemelex Xobeh.
    41 | D        | Found a burning altar of Makhleb.
    41 | D        | Found a viscous altar of Jiyva.
    41 | D        | Found a hazy altar of Hepliaklqana.
    41 | D        | Found an opulent altar of Gozag.
    41 | D        | Found a blossoming altar of Fedhas.
    41 | D        | Found a white marble altar of Elyvilon.
    41 | D        | Found a shadowy altar of Dithmenos.
    41 | D        | Found a snail-covered altar of Cheibriados.
    42 | D        | Found a radiant altar of Vehumet.
    42 | D        | Found a corrupted altar of Lugonu.
    42 | D        | Found a roughly hewn altar of Beogh.
    43 | D        | Found an ancient bone altar of Kikubaaqudgha.
    43 | D        | Found a hide-covered altar of Uskayaw.
    43 | D        | Found a shattered altar of Ashenzari.
    46 | D        | Became a worshipper of Qazlal Stormbringer
    61 | D        | Reached skill level 3 in Unarmed Combat
    61 | D        | Reached XP level 2. HP: 7/16 MP: 3/3
    65 | D        | Reached skill level 4 in Unarmed Combat
   305 | D        | Reached * piety under Qazlal
   325 | D        | Reached ** piety under Qazlal
   408 | D        | Noticed a porcupine
   410 | D        | Noticed an orc warrior
   426 | D        | Mangled by a porcupine

Levels and vault maps discovered:
D:        pitsprint [storerooms_1, entrance_room_1, metal_vault_3, armoury_1,
          mini_pit_1, grid_room_1, main_hall_1, silver_pit, the_coven_1,
          the_vestibule_1, steel_vault_5, golden_pit, hallway_of_sentries,
          crystal_vault_1, iron_vault_1, final_vault]

Skill      XL: |  1  2 |
---------------+-------+-----
Fighting       | 3 |  3.9
Unarmed Combat | 3 4 |  4.9
Armour         | |  2.4
Shields        | |  2.6

Action                   || total
-------------------------++-------
Melee: Unarmed           ||    34
       Bite              ||     7
Armor: Scale mail        ||     7
Dodge: Dodged            ||    10
Block: Shield            ||    15

Table legend:
 A = Non-vault XP
 B = Vault XP
 C = Vault XP percentage of total XP
 D = Non-vault monster count
 E = Vault monster count
 F = Vault count percentage of total count
                 A         B        C        D         E       F
            +---------+---------+-------+---------+---------+-------
      Total |       0 |      33 | 100.0 |       0 |       9 | 100.0
            +---------+---------+-------+---------+---------+-------
          D |       0 |      33 | 100.0 |       0 |       9 | 100.0
            +---------+---------+-------+---------+---------+-------
